← All builds
Geo / Armada / Economy first / OBSERVED BUILD

Standard geo

Eco-first Geo build that rushes geothermal power and T2 constructor before transitioning into Starlight-led T2 units for front, the role's baseline play.

Usually blows up the commander for T2 (66%)

#eco #t2 · 709 distinct matches · 107 players · 58% of Armada Geo games · team won 54% of 800 · Recently observed

HOW TO PLAY IT

Key timing: Geothermal Powerplant by 3:26

  1. Open mex and wind into Bot Lab.
  2. Rush geothermal for the early energy spike.
  3. Add Advanced Metal Extractor, then Advanced Geothermal by 7:07.
  4. Bring up Vehicle Plant alongside T2 con for "Starlight" and vehicles.
  5. Funnel "Starlight" and T1 vehicles to front, pay allies with cons and "Lazarus".

Phase by phase

TYPICAL OF ITS 709 GAMES
  1. 1
  2. 2
  3. 3
  4. 4
PLAY THE OPENING

Follow the example game's first 6:00 step by step: what to build now, what comes next, and where it goes. At 1× it keeps pace with your own game.

  1. 1

    Up to the Bot Lab

    Economy
    • Metal Extractor2Mex
    • Wind Turbine4Wind
    Order
    1. Bot LabBot Lab after 2 mex, 4 winddone ~1:12, middle half 0:58–1:22

    By 0:55 in all: 2 mex · 4 wind

    The example game in this phase · 3 steps
    1. Mex ×3
    2. Wind ×4
    3. Bot LabBot Labdone 1:19 · typical 1:12
  2. 2

    Bot Lab to 5:00

    Economy
    • Metal Extractor2Mex
    • Wind Turbine3Wind
    • Energy Converter8Converter
    • Energy Storage1Energy storage
    Order
    1. Geothermal PowerplantGeo after 4 mex, 5 wind, 1 energy storage
    Builders
    • Construction Turret5 Con turret
    • Lazarus4 Lazarus
    • Construction Bot2 Con bot
    • Construction Bot1 Con bot for allies
    • Lazarus1 Lazarus for allies

    By 5:00 in all: 4 mex · 6 wind · 1 geo · 8 converter · 1 energy storage · 5 con turret

    The example game in this phase · 22 steps
    1. TickTick ×2
    2. LazarusLazarus
    3. Construction BotCon botfor Beach sea
    4. Wind ×4
    5. LazarusLazarus
    6. PawnPawn
    7. LazarusLazarusfor Beach sea
    8. Construction BotCon botfor Front
    9. Mex
    10. LazarusLazarus
    11. Construction BotCon bot
    12. LazarusLazarus
    13. Mexfor Front
    14. Geothermal PowerplantGeodone 4:06 · typical 3:26
    15. LazarusLazarus
    16. Construction BotCon bot
    17. Wind
    18. Con turret
    19. Converter ×3
    20. Advanced Metal ExtractorT2 mexdone 5:30 · typical 5:34
    21. Con turret
    22. Converter
  3. 3

    5:00 to Vehicle Plant

    Order
    1. Advanced Geothermal PowerplantAdvanced Geothermal Powerplant after 8 wind, 10 converter, 6 con turretin 59% of games
    2. Vehicle PlantVehicle Plant after 9 wind, 10 converter, 6 con turretdone ~7:07, middle half 6:42–7:41
    Builders
    • Construction Turret1 Con turret

    Some games also: converter (49%) · wind (48%)

    By 7:00 in all: 4 mex · 10 wind · 1 geo · 1 Advanced Geothermal Powerplant · 10 converter · 1 energy storage

    The example game in this phase · 10 steps
    1. Con turret ×2
    2. Advanced Metal ExtractorT2 mex
    3. Converter
    4. Advanced Metal ExtractorT2 mex
    5. Converter
    6. Con turret ×2
    7. Advanced Geothermal PowerplantAdvanced Geothermal Powerplantdone 7:38 · typical 7:06
    8. Con turret
    9. Advanced Metal ExtractorT2 mex
    10. Vehicle PlantVehicle Plantdone 7:41 · typical 7:07
  4. 4

    Vehicle Plant to 10:00

    Economy
    • Wind Turbine5Wind
    • Energy Converter3Converter
    Order
    1. Advanced Vehicle PlantAdvanced Vehicle Plant after 11 wind, 11 converter, 7 con turret
    Builders
    • Construction Vehicle1 Con vehicle
    Army
    • Starlight2 Starlight
    • Umbra1 Jammer
    • Prophet1 Radar vehicle

    Some games also: con turret (50%) · T2 con vehicle for allies (48%) · Jaguar (31%)

    By 10:00 in all: 4 mex · 20 wind · 1 geo · 1 Advanced Geothermal Powerplant · 16 converter · 1 energy storage

    The example game in this phase · 177 steps
    1. Radar TowerRadar Tower
    2. Dragon's TeethDragon's Teeth
    3. Vehicle PlantVehicle Plantdone 7:45
    4. Dragon's TeethDragon's Teeth ×2
    5. Converter
    6. Construction VehicleCon vehicle
    7. Converter
    8. Dragon's TeethDragon's Teeth
    9. Converter
    10. Dragon's TeethDragon's Teeth
    11. BlitzBlitz ×2
    12. Converter
    13. Dragon's TeethDragon's Teeth
    14. BlitzBlitz ×2
    15. Converter
    16. Dragon's TeethDragon's Teeth
    17. BlitzBlitz ×2
    18. Converter
    19. Dragon's TeethDragon's Teeth
    20. BlitzBlitz ×2
    21. Dragon's TeethDragon's Teeth
    22. BlitzBlitz ×2
    23. Converter
    24. Dragon's TeethDragon's Teeth
    25. BlitzBlitz
    26. Wind
    27. BlitzBlitz ×2
    28. Dragon's TeethDragon's Teeth
    29. Converter
    30. BlitzBlitz ×3
    31. Dragon's TeethDragon's Teeth
    32. BlitzBlitz
    33. Converter
    34. BlitzBlitz
    35. Dragon's TeethDragon's Teeth
    36. BlitzBlitz ×2
    37. Dragon's TeethDragon's Teeth
    38. BlitzBlitz ×2
    39. Converter
    40. Wind
    41. BlitzBlitz
    42. Dragon's TeethDragon's Teeth
    43. BlitzBlitz ×7
    44. Converter
    45. BlitzBlitz ×5
    46. Wind
    47. BlitzBlitz ×2
    48. Converter
    49. BlitzBlitz ×3
    50. BlitzBlitzfor Beach sea
    51. Converter
    52. BlitzBlitz ×4for Beach sea
    53. Wind
    54. BlitzBlitz ×3for Beach sea
    55. Converter
    56. BlitzBlitz ×2for Beach sea
    57. BlitzBlitz ×2
    58. Converter
    59. BlitzBlitz ×3
    60. Wind
    61. BlitzBlitz ×3for Pond
    62. Converter
    63. BlitzBlitzfor Pond
    64. SentrySentry
    65. BlitzBlitzfor Pond
    66. BlitzBlitz ×3
    67. Converter
    68. BlitzBlitz
    69. Wind
    70. BlitzBlitz ×8
    71. Converter
    72. BlitzBlitz
    73. Pit BullPit Bull
    74. BlitzBlitz ×3
    75. Wind
    76. BlitzBlitz ×2
    77. Converter
    78. Wind
    79. BlitzBlitz ×3
    80. SentrySentry
    81. Wind
    82. BlitzBlitz
    83. Converter
    84. Wind
    85. BlitzBlitz
    86. Wind
    87. Converter
    88. BlitzBlitz ×2
    89. SentrySentry
    90. Wind
    91. BlitzBlitz ×2
    92. Converter
    93. Wind
    94. BlitzBlitz ×2
    95. SentrySentry
    96. BlitzBlitz
    97. Wind
    98. Converter
    99. BlitzBlitz
    100. Wind
    101. BlitzBlitz
    102. Wind
    103. BlitzBlitz
    104. SentrySentry
    105. BlitzBlitz ×2
    106. Wind ×2
    107. BlitzBlitz
    108. Converter
    109. BlitzBlitz
    110. Wind
    111. Construction VehicleCon vehicle
    112. Wind
    113. Construction VehicleCon vehicle
    114. Converter
    115. Construction VehicleCon vehicle
    116. Wind ×2
    117. Metal storage
    118. Wind
    119. Con turret
    120. Wind
    121. Con turret
    122. Wind ×5
    123. Advanced Vehicle PlantAdvanced Vehicle Plantdone 12:35 · typical 8:07
    124. Wind ×3
    125. UmbraJammer
    126. Wind
    127. ProphetRadar vehicle
    128. Wind
    129. StarlightStarlightdone 13:02 · typical 9:03
    130. Wind ×2
    131. StarlightStarlight
    132. Dragon's TeethDragon's Teeth ×2
    133. Wind
    134. Dragon's TeethDragon's Teeth ×3
    135. Wind
    136. StarlightStarlight
    137. Dragon's TeethDragon's Teeth
    138. Wind
    139. Dragon's TeethDragon's Teeth
    140. Wind
    141. Dragon's TeethDragon's Teeth ×2
    142. Wind
    143. Dragon's TeethDragon's Teeth
    144. Wind
    145. StarlightStarlight
    146. Dragon's TeethDragon's Teeth
    147. Wind
    148. Dragon's TeethDragon's Teeth ×3
    149. Wind
    150. StarlightStarlight
    151. Wind
    152. Dragon's TeethDragon's Teeth ×2
    153. Wind
    154. Dragon's TeethDragon's Teeth ×2
    155. Wind
    156. Advanced Construction VehicleT2 con vehicle
    157. Wind
    158. Dragon's TeethDragon's Teeth ×2
    159. JaguarJaguar
    160. Wind
    161. Dragon's TeethDragon's Teeth
    162. JaguarJaguar
    163. Wind
    164. JaguarJaguar
    165. Wind
    166. JaguarJaguar
    167. Wind
    168. JaguarJaguar
    169. Wind
    170. JaguarJaguar
    171. Wind
    172. JaguarJaguar
    173. Wind
    174. JaguarJaguar
    175. Wind
    176. Bot LabBot Labnot finished by 15:00
    177. JaguarJaguar

Counts are medians over the build's games: half of them build more, half fewer. The example game is ManBearPig_'s (39 OS, 08/09/2026); pick another.

Team trades

IN AT LEAST 30% OF ITS GAMES

You hand over

  • Lazarus1 Lazarus to Beach seafirst at 2:16 · in 78% of games
  • Construction Bot1 Con bot to Beach seafirst at 2:31 · in 88% of games
  • Advanced Construction Vehicle1 T2 con vehicle to Suicide front or Frontfirst at 8:52 · in 62% of games

You get

  • Hercules1 Light transport from Airfirst at 4:20 · in 35% of games
  • Advanced Construction Bot1 T2 con bot from Techfirst at 4:48 · in 95% of games

How it plays out

Typical game of this build, running totals by minute

Metal produced

020k40k
0:005:0010:0015:00

metal

Enemy metal destroyed

05k10k15k
0:005:0010:0015:00

metal

Own metal lost

02.5k5k7.5k
0:005:0010:0015:00

metal

800 games.

Show as table
ByMetal produced: This buildEnemy metal destroyed: This buildOwn metal lost: This build
1:0033300
2:0082600
3:00152700
4:00270000
5:00372800
6:00572800
7:00814500
8:0011494021
9:001451051130
10:0017421615320
11:00204012076790
12:002333640221927
13:002607961903323
14:002899585234783
15:0031544103856248
WHAT THE NUMBERS SAY

Standard Geo build dominates the resource numbers, with zero own losses through 10:00 and a huge metal lead by 15:00.

  • + Metal produced hits 31426 by 15:00, highest of all six builds
  • + Own metal lost is 0 by 5:00 and only 334 by 10:00
  • − First Starlight only arrives in 57% of games by 9:19
  • − Advanced geothermal lands in just 69% of games by 7:16
THE EXAMPLE YOU ARE READING

ManBearPig_

39.1 OS · 08/09/2026

Open source match ↗

5 received units · includes a constructor
5041 metal received · 47961 energy received

Allied construction assistance is unknown. Timings are observations, not a promise of solo reproducibility.

Typical milestones

Bot Lab1:12Middle 50%: 0:58–1:22 · n=799
Geothermal Powerplant3:26Middle 50%: 3:10–3:42 · n=798
Advanced Metal Extractor5:34Middle 50%: 5:18–5:56 · n=797
Advanced Geothermal Powerplant7:06Middle 50%: 6:49–7:34 · n=578
Vehicle Plant7:07Middle 50%: 6:42–7:41 · n=761
Advanced Vehicle Plant8:07Middle 50%: 7:41–8:51 · n=723
Starlight9:03Middle 50%: 8:31–9:53 · n=634

Played most by

zeus_on_god84games of this build0neTw083games of this buildViltrum53games of this buildDamsko40games of this buildXad39games of this build